 Dungeon Crawl Stone Soup version 0.22-a0-897-g1b7a381375 (webtiles) character file.

5906 Htamos the Carver (level 10, -14/78 (79) HPs)
             Began as a Demonspawn Gladiator on July 31, 2018.
             Was a High Priest of Cheibriados.
             Demolished by an orc warrior
             ... wielding a +0 trident
              (18 damage)
             ... on level 9 of the Dungeon.
             The game lasted 00:12:02 (10089 turns).

Htamos the Carver (Demonspawn Gladiator)           Turns: 10089, Time: 00:12:03

HP:   -14/78 (79)   AC:  4    Str: 36    XL:     10   Next: 53%
MP:   16/16         EV: 22    Int: 17    God:    Cheibriados [*****.]
Gold: 608           SH:  0    Dex: 29    Spells: 9/9 levels left

rFire    . . .     SeeInvis .   a - +1 long sword
rCold    . . .     Gourm    .   (no shield)
rNeg     . . .     Faith    .   Y - +0 troll leather armour
rPois    .         Spirit   .   n - +0 helmet
rElec    .         Reflect  .   S - -3 cloak "Yluuc" {Str+5 Int-3}
rCorr    .         Harm     .   u - +0 pair of gloves
MR       .....                  (no boots)
Stlth    +++.......             (no amulet)
HPRegen  0.63/turn              (no ring)
MPRegen  0.15/turn              (no ring)

@: mighty, very slow
A: talons 2, repulsion field 2, nightstalker 1, powered by pain 1
a: Bend Time, Temporal Distortion, Slouch, Step From Time, Renounce Religion


You were on level 9 of the Dungeon.
You worshipped Cheibriados.
Cheibriados was extremely pleased with you.
You were not hungry.

You visited 1 branch of the dungeon, and saw 9 of its levels.

You collected 608 gold pieces.

Inventory:

Hand Weapons
 a - a +1 long sword (weapon)
 B - a +0 long sword
 G - the cursed +1 mace "Doax" {vamp, *Corrode rElec rPois}
   (You took it off an orc on level 5 of the Dungeon)

   It inflicts no extra harm, but heals its wielder when it wounds a living foe.
   It insulates you from electricity.
   It protects you from poison.
   It may corrode you when you take damage.
   It has a curse placed upon it.
 H - the +1 rapier of Docimpe {protect, Fragile rElec rC+ SInv}
   (You found it on level 7 of the Dungeon)

   It protects the one who uses it against injury (+AC on strike).
   It protects you from cold.
   It insulates you from electricity.
   It lets you see invisible.
   It will be destroyed if unequipped.
Missiles
 d - 3 throwing nets (quivered)
Armour
 b - a +0 leather armour
 c - a +0 helmet
 n - a +0 helmet (worn)
 p - a +0 ring mail
 s - a +0 plate armour
 u - a +0 pair of gloves (worn)
 A - a +0 cloak
 S - the -3 cloak "Yluuc" (worn) {Str+5 Int-3}
   (You found it on level 8 of the Dungeon)

   It affects your strength (+5).
   It affects your intelligence (-3).
 Y - a +0 troll leather armour (worn)
Jewellery
 j - a cursed -5 ring of strength {unknown}
 k - an uncursed ring of see invisible {unknown}
 l - an uncursed ring of protection from magic {unknown}
 r - an uncursed ring of protection from fire {unknown}
 v - an uncursed ring of ice {unknown}
 C - a +3 ring of dexterity {unknown}
 O - an uncursed ring of magical power {unknown}
 Q - an uncursed amulet of rage {unknown}
 R - an uncursed ring of fire {unknown}
 V - an uncursed ring of positive energy {unknown}
 X - a +3 amulet of reflection {unknown}
Wands
 L - a wand of flame (38)
 T - a wand of digging (14)
Scrolls
 h - 6 scrolls of teleportation {unknown}
 i - a scroll of noise
 q - a scroll of fear
 t - a scroll of magic mapping {unknown}
 w - 3 scrolls of enchant armour
 y - a scroll of amnesia {unknown}
 D - 2 scrolls of random uselessness {unknown}
 E - 4 scrolls of remove curse {unknown}
 M - 7 scrolls of identify
 N - 2 scrolls of immolation {unknown}
 P - a scroll of fog {unknown}
 U - 2 scrolls of enchant weapon
Potions
 e - 2 potions of ambrosia {unknown}
 g - 3 potions of curing
 m - a potion of invisibility {unknown}
 o - 2 potions of might {unknown}
 x - 2 potions of agility {unknown}
 z - a potion of berserk rage {unknown}
 F - 2 potions of mutation {unknown}
 I - 2 potions of lignification {unknown}
 J - 2 potions of brilliance
 K - a potion of degeneration {unknown}
 Z - a potion of resistance {unknown}
Comestibles
 f - 20 rations


   Skills:
 + Level 7.2 Fighting
 * Level 9.3 Long Blades
 - Level 4.0 Throwing
 + Level 1.9 Armour
 + Level 6.9 Dodging
 + Level 8.3 Invocations


You had 9 spell levels left.
You didn't know any spells.
Your spell library contained the following spells:

 Spells                   Type           Power        Failure   Level  Hunger
 Cause Fear               Hex            #.........   94%         4    #####..
 Magic Dart               Conj           #...         26%         1    ##.....
 Conjure Flame            Conj/Fire      #.......     58%         3    ####...
 Slow                     Hex            #.......     36%         2    ###....
 Mephitic Cloud           Conj/Pois/Air  #.......     58%         3    ####...
 Blink                    Tloc           N/A          36%         2    ###....
 Iskenderun's Mystic Bla  Conj           #.......     94%         4    #####..
 Call Imp                 Summ           #.......     36%         2    ###....
 Corona                   Hex            #......      26%         1    ##.....
 Portal Projectile        Hex/Tloc       #.....       58%         3    ####...
 Leda's Liquefaction      Hex/Erth       #.........   94%         4    #####..
 Inner Flame              Hex/Fire       #.......     58%         3    ####...
 Fulminant Prism          Conj/Hex       #.........   94%         4    #####..
 Dazzling Spray           Conj/Hex       #.....       58%         3    ####...
 Force Lance              Conj/Tloc      #.......     94%         4    #####..
 Searing Ray              Conj           #.....       36%         2    ###....


Dungeon Overview and Level Annotations

Branches:
Dungeon (9/15)             Temple (0/1) D:7
   Lair: D:8-11         Orc: D:9-12

Altars:
Ashenzari
Cheibriados
Elyvilon
Fedhas
Hepliaklqana
Kikubaaqudgha
Makhleb
Nemelex Xobeh
Okawaru
Ru
Sif Muna
Trog
Uskayaw
Vehumet
Wu Jian
Yredelemnul


Innate Abilities, Weirdness & Mutations

You have razor-sharp toenails.
You are surrounded by a moderate repulsion field. (EV +3)
You are slightly more attuned to the shadows.
You sometimes gain a little power by taking damage.


Message History

Cheibriados appreciates the change of pace.
You can now step out of the time flow.
Cheibriados raises the support of your attributes as your movement slows.
The orc warrior hits you from afar with a trident!!
* * * LOW HITPOINT WARNING * * *
Evoke which item? (* to show all) (? for menu, Esc to quit)
Okay, then.
The orc warrior completely misses you. The orc warrior completely misses you.
The orc warrior closely misses you.
All of the chunks of flesh in your inventory have rotted away.
The orc warrior hits you from afar with a trident!
* * * LOW HITPOINT WARNING * * *
The orc warrior hits you from afar with a trident.
* * * LOW HITPOINT WARNING * * *
The orc warrior misses you.
The orc warrior hits you from afar with a trident.
* * * LOW HITPOINT WARNING * * *
The orc warrior hits you from afar with a trident!!
You die...

#.....#..........#..#..#####.#
#.....+..........#..#..# #.#
####.....#.......#.##..#[.#
#.#
..............####.#......#
###.#
.#####.######.####.#......#
#.... .#####.# #.##..........#
#.... .......# #..#..........#
#.... ..###### ##.#......##..#
#.... ..# #..@.........###....
..# ##.##.##.###........ ..#
#o##.##.# ........ ..#
#Y##.##.# ...... ..#####
#.##..... ...... ..#...#
#lY####.# ......
..#.#.##########l## .. ......
#.............##{.# ......
.###.>........###.## ......


You could see a yak, an orc warrior and a leopard gecko.

Vanquished Creatures
  2 two-headed ogres
  A troll (D:9)
  2 hippogriffs
  A human (D:7)
  3 yaks
  3 hogs (D:7)
  3 ice beasts
  A black bear (D:8)
  2 phantoms
  A necrophage (D:7)
  3 centaurs
  3 ogres
  Blork the orc (D:4)
  4 bullfrogs
  4 scorpions
  4 wights (D:9)
  A howler monkey (D:5)
  5 crimson imps
  5 hounds
  An orc priest (D:3)
  2 jellies
  Crazy Yiuf (D:4)
  A centaur skeleton (D:4)
  6 orc wizards
  3 iguanas
  Natasha (twice) (D:2)
  7 worker ants
  A hound skeleton (D:3)
  Robin (D:1)
  A howler monkey skeleton (D:5)
  A worker ant zombie (D:9)
  3 gnolls (D:5)
  10 adders
  A shadow imp (D:9)
  2 adder zombies
  An adder skeleton (D:4)
  2 worms (D:3)
  A dart slug (D:1)
  8 leopard geckos
  21 orcs
  8 bats
  6 giant cockroaches
  17 goblins
  4 hobgoblins
  11 jackals
  8 quokkas
  3 ball pythons
  A ball python skeleton (D:3)
  6 frilled lizards
  11 kobolds
  A leopard gecko skeleton (D:4)
  2 quokka zombies
  A rat (D:1)
  A plant (D:1)
205 creatures vanquished.

Notes
Turn   | Place    | Note
-------+----------+-------------------------------------------
     0 | D:1      | Htamos the Demonspawn Gladiator began the quest for the Orb.
     0 | D:1      | Reached XP level 1. HP: 16/16 MP: 1/1
    37 | D:1      | Gained mutation: You have sharp toenails. [demonic ancestry]
    37 | D:1      | Reached XP level 2. HP: 18/22 MP: 2/2
   516 | D:1      | Reached skill level 3 in Long Blades
   525 | D:1      | Reached XP level 3. HP: 24/28 MP: 3/3
   899 | D:2      | Noticed Natasha
   912 | D:2      | Killed Natasha
  1167 | D:2      | Gained mutation: You are slightly more attuned to the shadows. [demonic ancestry]
  1167 | D:2      | Reached XP level 4. HP: 25/34 MP: 4/4
  1974 | D:2      | Noticed Natasha
  1980 | D:2      | Killed Natasha
  1980 | D:2      | Reached XP level 5. HP: 31/41 MP: 5/5
  2062 | D:2      | Found a snail-covered altar of Cheibriados.
  2189 | D:2      | Became a worshipper of Cheibriados the Contemplative
  2390 | D:2      | Noticed Robin
  2687 | D:1      | Killed Robin
  3097 | D:3      | Reached * piety under Cheibriados
  3120 | D:3      | Found a radiant altar of Vehumet.
  3124 | D:3      | Reached skill level 4 in Long Blades
  3224 | D:3      | Reached skill level 1 in Invocations
  3407 | D:3      | Found an ancient bone altar of Kikubaaqudgha.
  3456 | D:3      | Gained mutation: You are surrounded by a mild repulsion field. (EV +2) [demonic ancestry]
  3456 | D:3      | Reached XP level 6. HP: 47/47 MP: 6/6
  3612 | D:3      | Noticed a hippogriff
  3623 | D:3      | Killed a hippogriff
  4298 | D:4      | Gained mutation: You are surrounded by a moderate repulsion field. (EV +3) [demonic ancestry]
  4298 | D:4      | Reached XP level 7. HP: 53/53 MP: 8/8
  4522 | D:4      | Reached ** piety under Cheibriados
  4602 | D:4      | Noticed Blork the orc
  4608 | D:4      | Killed Blork the orc
  4608 | D:4      | Reached skill level 5 in Long Blades
  4793 | D:4      | Found an ornate altar of the Wu Jian Council.
  5145 | D:4      | Found a runed door.
  5186 | D:4      | Found a hide-covered altar of Uskayaw.
  5386 | D:4      | Noticed Crazy Yiuf
  5389 | D:4      | Killed Crazy Yiuf
  5503 | D:5      | Entered Level 5 of the Dungeon
  5753 | D:5      | Gained mutation: You have razor-sharp toenails. [demonic ancestry]
  5753 | D:5      | Reached XP level 8. HP: 61/61 MP: 10/10
  5761 | D:5      | Got a bone mace {vamp}
  5762 | D:5      | Identified the cursed +1 mace "Doax" {vamp, *Corrode rElec rPois} (You took it off an orc on level 5 of the Dungeon)
  5917 | D:5      | Reached *** piety under Cheibriados
  5950 | D:5      | Found a blossoming altar of Fedhas.
  6078 | D:5      | Found an iron altar of Okawaru.
  6349 | D:6      | Reached skill level 6 in Long Blades
  6422 | D:6      | Found a shattered altar of Ashenzari.
  6422 | D:6      | Found a sparkling altar of Nemelex Xobeh.
  6594 | D:6      | Found a bloodstained altar of Trog.
  6725 | D:6      | Found a sacrificial altar of Ru.
  6857 | D:7      | Found a staircase to the Ecumenical Temple.
  6945 | D:7      | Reached skill level 5 in Fighting
  6945 | D:7      | Reached skill level 5 in Dodging
  6996 | D:7      | Reached skill level 5 in Invocations
  7203 | D:7      | Found a deep blue altar of Sif Muna.
  7203 | D:7      | Found a burning altar of Makhleb.
  7393 | D:7      | Reached skill level 7 in Long Blades
  7448 | D:7      | Gained mutation: You sometimes gain a little power by taking damage. [demonic ancestry]
  7448 | D:7      | Reached XP level 9. HP: 67/67 MP: 13/13
  7473 | D:7      | Reached **** piety under Cheibriados
  7866 | D:7      | Found a hazy altar of Hepliaklqana.
  8015 | D:7      | Found a basalt altar of Yredelemnul.
  8034 | D:7      | Got an iridescent rapier
  8035 | D:7      | Identified the +1 rapier of Docimpe {protect, Fragile rElec rC+ SInv} (You found it on level 7 of the Dungeon)
  8135 | D:7      | Reached skill level 8 in Long Blades
  8374 | D:8      | Noticed a two-headed ogre
  8380 | D:8      | Killed a two-headed ogre
  8796 | D:8      | Reached XP level 10. HP: 75/76 MP: 15/15
  8936 | D:8      | Got a transparent cloak
  8937 | D:8      | Identified the -3 cloak "Yluuc" {Str+5 Int-3} (You found it on level 8 of the Dungeon)
  9644 | D:9      | Found a white marble altar of Elyvilon.
  9724 | D:9      | Noticed a two-headed ogre
  9731 | D:9      | Killed a two-headed ogre
  9731 | D:9      | Reached skill level 9 in Long Blades
  9731 | D:9      | Reached skill level 1 in Armour
 10078 | D:9      | Reached ***** piety under Cheibriados
 10088 | D:9      | HP: 3/78 [orc warrior/trident (6)]
 10089 | D:9      | Demolished by an orc warrior

Vault maps used:
D:1:      roderic_crop_circles_arrival_small, corexii_hall_statues_deadend
D:2:      lemuel_coloured_pillars_altar, uniq_natasha, uniq_robin
D:3:      nicolae_overflow_hidden_temple, lemuel_doored_altar,
          old_standard_altar, minmay_misc_feat_rows
D:4:      marbit_many_paths, lemuel_crystal_altar, uniq_blork_the_orc,
          uniq_crazy_yiuf_cottage
D:5:      overflow_temple_1_default, basic_altar, first_ration
D:6:      nicolae_ru_the_path_less_chosen, overflow_temple_1_default,
          gammafunk_temple_overflow_elements
D:7:      gammafunk_temple_overflow_wave, nicolae_overflow_crystal_walls,
          minmay_temple_entry_glass, grunt_livestock, yredelemnul_altar_generic
D:8:      hangedman_minor_gate_pass
D:9:      elyvilon_altar_5

Skill      XL: |  1  2  3  4  5  6  7  8  9 10 |
---------------+-------------------------------+-----
Throwing       | 2 3 4 |  4.0
Dodging        | 3 4 5 6 |  6.9
Long Blades    | 3 4 5 7 8 9 |  9.3
Fighting       | 3 4 5 6 7 |  7.2
Invocations    | 1 2 3 5 7 8 |  8.3
Armour         | 1 |  1.9

Action                   |  1- 3 |  4- 6 |  7- 9 | 10-12 || total
-------------------------+-------+-------+-------+-------++-------
Melee: Long sword        |    98 |   144 |   221 |    83 ||   546
       Kick              |    28 |    56 |   143 |    62 ||   289
  Use: Potion            |     2 |     1 |       |       ||     3
       Scroll            |     1 |     3 |     2 |     1 ||     7
 Stab: Sleeping          |       |     5 |     9 |     4 ||    18
  Eat: Chunk             |     1 |     8 |     7 |     3 ||    19
Armor: Leather armour    |    11 |     8 |       |       ||    19
       Ring mail         |       |    51 |    46 |     5 ||   102
       Troll leather arm |       |       |       |     3 ||     3
Dodge: Dodged            |    49 |   142 |   187 |    73 ||   451
       Rpst.: Long sword |    16 |    42 |    51 |    18 ||   127

Table legend:
 A = Spawn XP
 B = Non-spawn XP
 C = Spawn XP percentage of total XP
 D = Spawn monster count
 E = Non-spawn monster count
 F = Spawn count percentage of total count
 G = Total turns spent on level
                    A         B        C        D         E        F      G
               +---------+---------+-------+---------+---------+-------+---------
         Total |       0 |    8438 |   0.0 |       0 |     204 |   0.0 | 10089
               +---------+---------+-------+---------+---------+-------+---------
           D:1 |       0 |      66 |   0.0 |       0 |      30 |   0.0 |  1171
           D:2 |       0 |     203 |   0.0 |       0 |      39 |   0.0 |  1767
           D:3 |       0 |     378 |   0.0 |       0 |      21 |   0.0 |   965
           D:4 |       0 |     472 |   0.0 |       0 |      21 |   0.0 |  1600
           D:5 |       0 |     535 |   0.0 |       0 |      24 |   0.0 |   817
           D:6 |       0 |     268 |   0.0 |       0 |       7 |   0.0 |   517
           D:7 |       0 |    2383 |   0.0 |       0 |      29 |   0.0 |  1416
           D:8 |       0 |    1790 |   0.0 |       0 |      11 |   0.0 |  1286
           D:9 |       0 |    2343 |   0.0 |       0 |      22 |   0.0 |   550
               +---------+---------+-------+---------+---------+-------+---------
